 Dungeon Crawl Stone Soup version 0.29-a0-753-gb7bb9d756e (webtiles) character file.

Game seed: 17211955546257719803

130 Nattfarinn the Stinger (level 5, -4/37 HPs)
             Began as a Gnoll Venom Mage on June 30, 2022.
             Slain by a gnoll
             ... wielding a +0 whip
             ... led by a gnoll shaman
              (6 damage)
             ... on level 3 of the Dungeon.
             The game lasted 00:02:46 (2381 turns).

Nattfarinn the Stinger (Gnoll Venom Mage)           Turns: 2381, Time: 00:02:47

Health: -4/37      AC:  2    Str:  9    XL:     5   Next: 13%
Magic:  0/12       EV: 13    Int: 15    God:
Gold:   99         SH:  0    Dex: 12    Spells: 13/14 levels left

rFire   + . .      SeeInvis .   e - +0 hand axe
rCold   . . .      Faith    .   (no shield)
rNeg    . . .      Spirit   .   a - +0 robe
rPois   .          Reflect  .   (no helmet)
rElec   .          Harm     .   (no cloak)
rCorr   .          Rampage  .   (no gloves)
Will    .....                   (no boots)
Stlth   +.........              (no amulet)
HPRegen 0.12/turn               j - ring of protection from fire
MPRegen 0.13/turn               (no ring)

@: lit by a corona, glowing
A: fangs 1, strong nose, distributed training
a: no special abilities


You were on level 3 of the Dungeon.
You visited 1 branch of the dungeon, and saw 3 of its levels.

You collected 99 gold pieces.

Inventory:

Hand Weapons
 e - a +0 hand axe (weapon)
Armour
 a - a +0 robe (worn)
Jewellery
 j - a ring of protection from fire (left hand)
 p - a ring of resist corrosion
Scrolls
 c - a scroll of blinking {unknown}
 d - 2 scrolls of enchant weapon {unknown}
 g - 3 scrolls of identify {unknown}
 k - a scroll of immolation {unknown}
 m - a scroll of noise {unknown}
 q - a scroll of magic mapping {unknown}
 s - a scroll of acquirement {unknown}
Potions
 b - a potion of magic
 f - 2 potions of curing {unknown}
 h - 2 potions of mutation {unknown}
 l - a potion of haste {unknown}
 n - a potion of cancellation {unknown}
 o - a potion of attraction {unknown}
 r - a potion of degeneration {unknown}


   Skills:
 + Level 1.4 Fighting
 + Level 1.4 Short Blades
 + Level 1.4 Long Blades
 + Level 1.4 Axes
 + Level 1.4 Maces & Flails
 + Level 1.4 Polearms
 + Level 1.4 Staves
 + Level 1.4 Ranged Weapons
 + Level 1.4 Throwing
 + Level 1.4 Armour
 + Level 4.7 Dodging
 + Level 4.4 Stealth
 + Level 1.4 Shields
 + Level 1.4 Unarmed Combat
 + Level 5.2 Spellcasting
 + Level 1.1 Conjurations
 + Level 1.1 Hexes
 + Level 1.1 Summonings
 + Level 1.1 Necromancy
 + Level 1.1 Translocations
 + Level 2.3 Transmutations
 + Level 1.1 Fire Magic
 + Level 1.1 Ice Magic
 + Level 1.1 Air Magic
 + Level 1.1 Earth Magic
 + Level 5.5 Poison Magic
 + Level 1.6 Invocations
 + Level 1.4 Evocations


You had 13 spell levels left.
You knew the following spells:

 Your Spells              Type           Power      Damage    Failure   Level
a - Sting                 Tmut/Pois      60%        1d6       3%          1

Your spell library contained the following spells:

 Spells                   Type           Power      Damage    Failure   Level
 Poisonous Vapours        Pois/Air       26%        N/A       6%          2
 Mephitic Cloud           Conj/Pois/Air  11%        N/A       16%         3
 Olgreb's Toxic Radiance  Pois           20%        N/A       16%         4


Dungeon Overview and Level Annotations

Branches:
Dungeon (3/15)

Altars:
The Shining One


Innate Abilities, Weirdness & Mutations

You have very sharp teeth.
Your uncanny sense of smell can sniff out nearby items.
Your experience applies equally to all skills.


Message History

Press: ? - help, v - describe, . - travel A stone staircase leading down, spattered with blood.
Unknown command.
Casting: Sting (safe; 3% risk of failure)
Confirm with . or Enter, or press ? or * to list all spells.
Aiming: Sting (safe; 3% risk of failure)
Press: ? - help, Shift-Dir - straight line, f - gnoll
Aim: a gnoll, wielding a +0 flail (moderately wounded, fast, 77% to hit)
The sting hits the gnoll.
The gnoll is poisoned.
The gnoll is severely wounded.
The gnoll hits you with a +0 flail. The gnoll hits you with a +0 whip.
The gnoll closely misses you.
You barely miss the gnoll.
The gnoll is severely wounded.
You hit the gnoll. The gnoll barely misses you.
The gnoll hits you with a +0 whip. The gnoll barely misses you.
You barely miss the gnoll. You bite the gnoll, but do no damage.
The gnoll is severely wounded.
You barely miss the gnoll.
You kill the gnoll!
The gnoll hits you with a +0 whip. x2
You hit the gnoll. Your bite misses the gnoll.
The gnoll is moderately wounded.
The gnoll hits you with a +0 whip!
* * * LOW HITPOINT WARNING * * *
You hit the gnoll.
The gnoll is heavily wounded.
The gnoll hits you with a +0 whip.
* * * LOW HITPOINT WARNING * * *
Casting: Sting (safe; 3% risk of failure)
Confirm with . or Enter, or press ? or * to list all spells.
Aiming: Sting (safe; 3% risk of failure)
Press: ? - help, Shift-Dir - straight line, f - gnoll
Aim: a gnoll, wielding a +0 whip (moderately wounded, 77% to hit)
The sting hits the gnoll.
The gnoll is poisoned.
The gnoll is heavily wounded.
The gnoll hits you with a +0 whip.
* * * LOW HITPOINT WARNING * * *
The gnoll attacks as you move away! The gnoll hits you with a +0 whip.
You die...

#........#.##..#..####.####
...######.......#..<###.#
.. ∆ #.........#.....#
#..#...#######..#
#..........# #..#
.....#......# #..#####
..#..##......# #..#...#
#.##..........# #..#...# #.
#.......@..# ##.....#
.......)g#####......# r
#.###.##)##)........##.. #.
#. #....#..........
#....g........#.[
#.####g.....### .
#.##.........#
.............#
......#.......#


You could see a gnoll (poisoned).

Vanquished Creatures
  A gnoll shaman (D:3)
  2 adders
  3 gnolls (D:3)
  A worm (D:2)
  A dart slug (D:1)
  6 ball pythons
  2 bats (D:1)
  8 endoplasms
  3 goblins (D:1)
  A hobgoblin (D:3)
  5 jackals
  3 quokkas
  6 frilled lizards
  3 kobolds
  7 rats
52 creatures vanquished.

Notes
Turn   | Place    | Note
-------+----------+-------------------------------------------
     0 | D:1      | Nattfarinn the Gnoll Venom Mage began the quest for the
                  | Orb.
     0 | D:1      | Reached XP level 1. HP: 13/13 MP: 6/6
   158 | D:1      | Reached XP level 2. HP: 13/19 MP: 4/7
   530 | D:1      | Found a faded altar of an unknown god.
   779 | D:1      | Reached skill level 5 in Spellcasting
   779 | D:1      | Reached XP level 3. HP: 25/25 MP: 5/9
  1199 | D:2      | Found a glowing golden altar of the Shining One.
  1313 | D:2      | Reached skill level 1 in Invocations
  1619 | D:2      | Reached skill level 1 in Fighting
  1619 | D:2      | Reached skill level 1 in Short Blades
  1619 | D:2      | Reached skill level 1 in Long Blades
  1619 | D:2      | Reached skill level 1 in Axes
  1619 | D:2      | Reached skill level 1 in Maces & Flails
  1619 | D:2      | Reached skill level 1 in Polearms
  1619 | D:2      | Reached skill level 1 in Staves
  1619 | D:2      | Reached skill level 1 in Ranged Weapons
  1619 | D:2      | Reached skill level 1 in Throwing
  1619 | D:2      | Reached skill level 1 in Armour
  1619 | D:2      | Reached skill level 1 in Shields
  1619 | D:2      | Reached skill level 1 in Unarmed Combat
  1619 | D:2      | Reached skill level 1 in Evocations
  1750 | D:2      | Reached XP level 4. HP: 26/32 MP: 2/11
  2349 | D:3      | Reached skill level 1 in Conjurations
  2349 | D:3      | Reached skill level 1 in Hexes
  2349 | D:3      | Reached skill level 1 in Summonings
  2349 | D:3      | Reached skill level 1 in Necromancy
  2349 | D:3      | Reached skill level 1 in Translocations
  2349 | D:3      | Reached skill level 1 in Fire Magic
  2349 | D:3      | Reached skill level 1 in Ice Magic
  2349 | D:3      | Reached skill level 1 in Air Magic
  2349 | D:3      | Reached skill level 1 in Earth Magic
  2372 | D:3      | Reached XP level 5. HP: 26/37 MP: 0/12
  2381 | D:3      | Slain by a gnoll

Illustrated notes

Levels and vault maps discovered:
D:1:      scummos_arrival_checkerplants, layout_loops_ring,
          chequers_ecumenical_altar_simple_redux
D:2:      layout_loops_ring, basic_altar
D:3:      layout_rooms

Skill      XL: |  1  2  3  4 |
---------------+-------------+-----
Transmutations | 2 |  2.3
Spellcasting   | 5 |  5.2
Invocations    | 1 |  1.6
Fighting       | 1 |  1.4
Short Blades   | 1 |  1.4
Long Blades    | 1 |  1.4
Axes           | 1 |  1.4
Maces & Flails | 1 |  1.4
Polearms       | 1 |  1.4
Staves         | 1 |  1.4
Ranged Weapons | 1 |  1.4
Throwing       | 1 |  1.4
Armour         | 1 |  1.4
Shields        | 1 |  1.4
Unarmed Combat | 1 |  1.4
Evocations     | 1 |  1.4
Conjurations   | 1 |  1.1
Hexes          | 1 |  1.1
Summonings     | 1 |  1.1
Necromancy     | 1 |  1.1
Translocations | 1 |  1.1
Fire Magic     | 1 |  1.1
Ice Magic      | 1 |  1.1
Air Magic      | 1 |  1.1
Earth Magic    | 1 |  1.1
Dodging        | |  4.7
Stealth        | |  4.4
Poison Magic   | |  5.5

Action                   |  1- 3 |  4- 6 || total
-------------------------+-------+-------++-------
Melee: Unarmed           |     3 |       ||     3
       Bite              |     2 |     2 ||     4
       Hand axe          |     3 |    15 ||    18
 Cast: Sting             |    74 |    31 ||   105
  Use: Potion            |       |     3 ||     3
Armor: Robe              |     4 |     4 ||     8
Dodge: Dodged            |    25 |    29 ||    54

Table legend: (Time is in decaauts)
 A = Elapsed time spent in this place.
 B = Non-inter-level travel time spent in this place.
 C = Inter-level travel time spent in this place.
 D = Time resting spent in this place.
 E = Time spent auto-exploring this place.
 F = Levels seen in this place.
 G = Mean time per level.
                   A        B        C        D        E       F      G
               +--------+--------+--------+--------+--------+-----+--------+
         Total |   2383 |   2343 |     40 |      0 |   2030 |   3 |  794.3 |
       Dungeon |   2383 |   2343 |     40 |      0 |   2030 |   3 |  794.3 |
               +--------+--------+--------+--------+--------+-----+--------+

Top non-repeatable levels by time:
     D:1: 1198 daAuts
     D:2: 976 daAuts
     D:3: 209 daAuts
